 Dungeon Crawl Stone Soup version 0.24-a0-584-g9d6b971 (webtiles) character file.

Game seed: 16223392914800705348, levelgen mode: deterministic

1229 CanOfBees the Caller (level 8, -4/48 HPs)
             Began as a Tengu Summoner on Sept 6, 2019.
             Killed from afar by an orc wizard (9 damage)
             ... with a puff of frost
             ... on level 6 of the Dungeon.
             The game lasted 00:17:24 (11920 turns).

CanOfBees the Caller (Tengu Summoner)              Turns: 11920, Time: 00:17:24

Health: -4/48      AC:  4    Str:  8    XL:     8   Next: 48%
Magic:  13/15      EV: 17    Int: 17    God:
Gold:   298        SH:  0    Dex: 16    Spells: 1/15 levels left

rFire    . . .     SeeInvis .   o - +2 trident
rCold    . . .     Gourm    .   (no shield)
rNeg     . . .     Faith    .   k - +2 robe {MR+}
rPois    .         Spirit   .   (helmet restricted)
rElec    .         Reflect  .   (no cloak)
rCorr    .         Harm     .   (no gloves)
MR       +....                  (boots unavailable)
Stlth    ++........             (no amulet)
HPRegen  0.16/turn              (no ring)
MPRegen  0.14/turn              (no ring)

@: flying quickly and evasively, hasted, very quick
A: beak, talons 3, able to fly
a: Stop Flying


You were on level 6 of the Dungeon.
You were hungry.

You visited 2 branches of the dungeon, and saw 7 of its levels.

You collected 298 gold pieces.

Inventory:

Hand Weapons
 n - a +0 hand axe of freezing
 o - a +2 trident (weapon)
 u - a +0 halberd
Missiles
 a - 80 arrows
 d - 5 atropa-tipped darts (quivered)
 i - 51 stones
 l - 21 sling bullets
 r - 7 poisoned darts
 s - a throwing net
Armour
 k - a +2 robe of magic resistance (worn)
Scrolls
 e - a scroll of random uselessness {unknown}
 h - 4 scrolls of remove curse
 j - a scroll of immolation {unknown}
 q - a scroll of fog {unknown}
Potions
 b - 3 potions of haste
Comestibles
 t - 2 rations


   Skills:
 + Level 4.1 Fighting
 - Level 4.0 Polearms
 + Level 1.4 Armour
 - Level 4.0 Dodging
 - Level 2.0 Stealth
 + Level 4.4 Spellcasting
 + Level 7.1 Summonings
 * Level 1.8 Ice Magic
 - Level 3.1 Air Magic


You had one spell level left.
You knew the following spells:

 Your Spells              Type           Power        Failure   Level  Hunger
a - Summon Small Mammal   Summ           ####         1%          1    None
b - Call Imp              Summ           ####....     1%          2    ##.....
c - Call Canine Familiar  Summ           ####....     2%          3    ###....
d - Summon Lightning Spi  Summ/Air       ###.....     19%         4    ####...
e - Summon Ice Beast      Ice/Summ       ###.....     24%         4    ####...

Your spell library contained the following spells:

 Spells                   Type           Power        Failure   Level  Hunger
 Summon Guardian Golem    Hex/Summ       ###.....     11%         3    ###....


Dungeon Overview and Level Annotations

Branches:
Dungeon (6/15)             Temple (1/1) D:4

Altars:
Cheibriados
Dithmenos
Gozag
Hepliaklqana
Kikubaaqudgha
Makhleb
Nemelex Xobeh
Okawaru
Ru
Trog
Uskayaw
Vehumet
Wu Jian
Zin

Annotations:
D:4 2 transporters, Shepard's ghost, amateur TeGl


Innate Abilities, Weirdness & Mutations

You have a beak for a mouth.
You have claws for feet.
You can fly continuously.


Message History

The magic dart hits you!
Your ice beast hits the orc wizard.
Your ice beast freezes the orc wizard!
The orc wizard dies!
The orc wizard begins to cast a cantrip, but forgets the words!
Your ice beast hits the orc wizard but does no damage.
The shadow imp gestures at you. You resist with some effort.
The orc wizard casts a spell at you. The puff of flame hits you!
* * * LOW HITPOINT WARNING * * *
You feel yourself speed up.
The orc wizard gestures at you while chanting.
The puff of flame hits you!
* * * LOW HITPOINT WARNING * * *
The orc wizard casts a spell at you. The puff of flame misses you.
There is a stone staircase leading up, spattered with blood here.
The orc wizard gestures at you while chanting.
The puff of frost hits you!
You die...

.. ###...........
##.##.........##..
................#
####..........##.Y. ##
####.##.......##..#...
#..#####............##...5...
#......##..........#####.....
#.....#...........###......
####.<))..@......5##.......
#....##......o...........
#≈≈.≈≈.......#..#........
#≈#'#≈......##...........
#≈#_#≈......##...........
#≈###≈......###.......... #≈
≈≈≈...................
###>....#................
#...########...##..#...


You could see an orc wizard and a shadow imp.

Vanquished Creatures
  Eustachio (D:5)
  An ogre (D:5)
  2 centaurs (D:5)
  A scorpion (D:5)
  A crimson imp (D:5)
  2 hounds
  Jessica (D:3)
  A worker ant (D:4)
  3 adders
  6 gnolls
  An ooze (D:4)
  A worm (D:2)
  4 leopard geckos
  6 orcs
  6 giant cockroaches
  6 goblins
  6 hobgoblins
  2 ball pythons
  7 bats
  3 frilled lizards
  2 kobolds (D:1)
  5 rats
68 creatures vanquished.

Vanquished Creatures (collateral kills)
  3 ogres
  A centaur (D:5)
  A bullfrog (D:5)
  A scorpion (D:4)
  A crimson imp (D:5)
  A centaur zombie (D:6)
  A jelly (D:5)
  2 gnoll shamans
  2 orc priests
  5 orc wizards
  A hound skeleton (D:6)
  Robin (D:1)
  3 adders (D:2)
  11 gnolls
  A howler monkey skeleton (D:3)
  A worm (D:5)
  A leopard gecko (D:1)
  14 orcs
  2 giant cockroaches (D:3)
  3 goblins
  3 hobgoblins
  3 bats
  2 kobolds (D:1)
  A quokka skeleton (D:6)
65 creatures vanquished.

Vanquished Creatures (others)
  A bat (D:3)
  6 plants (D:4)
7 creatures vanquished.

Grand Total: 140 creatures vanquished

Notes
Turn   | Place    | Note
-------+----------+-------------------------------------------
     0 | D:1      | CanOfBees the Tengu Summoner began the quest for the Orb.
     0 | D:1      | Reached XP level 1. HP: 10/10 MP: 4/4
     3 | D:1      | Noticed an electric eel
     3 | D:1      | Noticed an electric eel
   864 | D:1      | Reached XP level 2. HP: 16/16 MP: 6/6
   868 | D:1      | Learned a level 2 spell: Call Imp
  1239 | D:1      | Reached skill level 5 in Summonings
  1536 | D:2      | Reached skill level 1 in Fighting
  1628 | D:2      | Noticed an ice beast
  1884 | D:2      | Noticed Robin
  1913 | D:2      | Reached XP level 3. HP: 13/20 MP: 0/7
  1999 | D:1      | Killed Robin
  2139 | D:2      | Learned a level 3 spell: Call Canine Familiar
  3198 | D:2      | Reached XP level 4. HP: 21/25 MP: 3/8
  3410 | D:3      | Found an iron altar of Okawaru.
  3412 | D:3      | Found a sparkling altar of Nemelex Xobeh.
  3641 | D:3      | Reached skill level 1 in Polearms
  4567 | D:3      | Gained mutation: You can fly continuously. [Tengu growth]
  4567 | D:3      | Reached XP level 5. HP: 30/30 MP: 7/10
  4711 | D:3      | Found a hide-covered altar of Uskayaw.
  4990 | D:3      | Found a radiant altar of Vehumet.
  5104 | D:3      | Noticed Jessica
  5115 | D:3      | Killed Jessica
  5957 | D:4      | Found a staircase to the Ecumenical Temple.
  5968 | Temple   | Entered the Ecumenical Temple
  6084 | D:4      | Identified the +4 buckler of Zin's Regard {Str+3}
  6173 | D:4      | Noticed an ogre
  6183 | D:4      | Killed an ogre
  6183 | D:4      | Reached XP level 6. HP: 36/36 MP: 4/11
  6734 | D:4      | Found a transporter.
  6736 | D:4      | Found a transporter.
  6739 | D:4      | Noticed Shepard's ghost (amateur TeGl)
  6991 | D:4      | Reached skill level 6 in Summonings
  7179 | D:4      | Learned a level 4 spell: Summon Lightning Spire
  7180 | D:5      | Entered Level 5 of the Dungeon
  7449 | D:5      | Reached skill level 1 in Air Magic
  7449 | D:5      | Reached XP level 7. HP: 31/40 MP: 4/13
  8022 | D:5      | Noticed Eustachio
  8036 | D:5      | Killed Eustachio
  8812 | D:5      | Reached XP level 8. HP: 43/46 MP: 9/15
  8932 | D:5      | Learned a level 4 spell: Summon Ice Beast
  9778 | D:5      | Reached skill level 1 in Ice Magic
 10378 | D:5      | Reached skill level 1 in Armour
 10904 | D:5      | Reached skill level 7 in Summonings
 11850 | D:6      | Found a hazy altar of Hepliaklqana.
 11920 | D:6      | Killed from afar by an orc wizard

Levels and vault maps discovered:
D:1:      arrival_aquarium_b, layout_loops_ring
D:2:      layout_basic, minmay_pentomino_p4, uniq_robin
D:3:      layout_basic, chequers_temple_overflow_statue_of_worship,
          old_standard_altar, fiery_altar_vehumet, serial_undead,
          serial_undead_e, serial_undead_a, serial_undead_d, serial_undead_e,
          uniq_jessica
D:4:      layout_loops_ring, minmay_temple_entry_waves,
          gammafunk_ghost_gnarly_gnolls
D:5:      layout_cave_pods, first_ration, uniq_eustachio
D:6:      layout_cave_pools, kennysheep_mini_moat, tso_metal_star, serial_shops,
          shop, serial_glass, glass_columns_a, glass_columns_b
Temple:   dpeg_three_leaves_temple

Skill      XL: |  1  2  3  4  5  6  7  8 |
---------------+-------------------------+-----
Summonings     | 5 6 7 |  7.1
Fighting       | 1 2 3 4 |  4.1
Dodging        | 3 4 |  4.0
Polearms       | 1 2 3 4 |  4.0
Spellcasting   | 3 4 |  4.4
Air Magic      | 1 2 3 |  3.1
Ice Magic      | 1 |  1.8
Armour         | 1 |  1.4
Stealth        | |  2.0

Action                   |  1- 3 |  4- 6 |  7- 9 || total
-------------------------+-------+-------+-------++-------
Melee: Unarmed           |     9 |       |       ||     9
       Spear             |    17 |       |       ||    17
       Kick              |     9 |    14 |    21 ||    44
       Short sword       |     2 |       |       ||     2
       Peck              |     5 |     5 |    12 ||    22
       Trident           |    53 |    68 |    87 ||   208
Throw: Stone             |    16 |    21 |       ||    37
       Dart              |       |     9 |    18 ||    27
 Cast: Summon Small Mamm |     9 |       |       ||     9
       Call Imp          |    22 |    37 |    20 ||    79
       Call Canine Famil |       |    13 |    11 ||    24
       Summon Lightning  |       |       |     4 ||     4
       Summon Ice Beast  |       |       |     1 ||     1
 Abil: Fly               |       |     1 |       ||     1
  Use: Scroll            |     6 |       |     5 ||    11
       Potion            |       |       |     6 ||     6
 Stab: Sleeping          |     4 |     3 |       ||     7
       Distracted        |     1 |     1 |     1 ||     3
       Invisible         |       |     1 |       ||     1
  Eat: Chunk             |     8 |    13 |    12 ||    33
       Ration            |       |     1 |     1 ||     2
Armor: Robe              |    26 |    18 |    21 ||    65
Dodge: Dodged            |    72 |    64 |   132 ||   268

Table legend:
 A = Non-vault XP
 B = Vault XP
 C = Vault XP percentage of total XP
 D = Non-vault monster count
 E = Vault monster count
 F = Vault count percentage of total count
                 A         B        C        D         E       F
            +---------+---------+-------+---------+---------+-------
      Total |    1543 |     214 |  12.2 |     121 |      12 |   9.0
            +---------+---------+-------+---------+---------+-------
        D:1 |      14 |       9 |  39.1 |      10 |       2 |  16.7
        D:2 |      51 |      11 |  17.7 |      19 |       7 |  26.9
        D:3 |     143 |      50 |  25.9 |      31 |       2 |   6.1
        D:4 |     250 |       0 |   0.0 |      13 |       0 |   0.0
        D:5 |     940 |     144 |  13.3 |      38 |       1 |   2.6
        D:6 |     145 |       0 |   0.0 |      10 |       0 |   0.0
            +---------+---------+-------+---------+---------+-------
